 Dungeon Crawl Stone Soup version 0.31-a0-848-gaac375c287 (webtiles) character file.

Game seed: 5797102762184644067

3780 Dirtsage the Cleaver (level 9, -1/102 HPs)
             Began as a Demonspawn Berserker on Oct 4, 2023.
             Was a Priest of Trog.
             Killed from afar by an electric eel (10 damage)
             ... with a bolt of electricity
             ... on level 7 of the Dungeon.
             The game lasted 00:12:49 (7720 turns).

Dirtsage the Cleaver (Demonspawn Berserker)         Turns: 7720, Time: 00:12:49

Health: -1/102     AC: 16    Str: 22    XL:     9   Next: 95%
Magic:  9/9        EV:  9    Int:  9    God:    Trog [***...]
Gold:   474        SH:  5    Dex: 18    Spells: 8/8 levels left

rFire   . . .        a - +0 hand axe
rCold   . . .        I - +0 buckler
rNeg    . . .        i - +0 chain mail
rPois   .            (helmet restricted)
rElec   .            B - +2 cloak
rCorr   .            (no gloves)
SInv    .            e - +1 pair of boots
Will    .....        (no amulet) Stlth
                     A - +6 ring of dexterity
HPRegen 0.37/turn    (no ring)
MPRegen 0.11/turn

%: no passive effects
@: berserking, very quick
A: horns 1, rugged brown scales 2, powered by pain 2, spiny 1
a: Renounce Religion, Berserk, Trog's Hand


You were on level 7 of the Dungeon.
You worshipped Trog.
Trog was most pleased with you.
You visited 2 branches of the dungeon, and saw 8 of its levels.
You also visited: Sewer.

You collected 534 gold pieces.
You spent 60 gold pieces at shops.

Inventory:

Hand Weapons
 a - a +0 hand axe (weapon)
 D - the +1 hand axe of Fukecs {heavy, SInv}
   (You found it on level 2 of the Dungeon)

   SInv:      It lets you see invisible.
Missiles
 w - 2 curare-tipped darts
Armour
 e - a +1 pair of boots (worn)
 i - a +0 chain mail (worn)
 B - a +2 cloak (worn)
 I - a +0 buckler (worn)
Jewellery
 A - a +6 ring of dexterity (left hand)
Wands
 h - a wand of roots (4)
 C - a wand of acid (4)
 E - a wand of flame (1)
 H - a wand of mindburst (14)
Scrolls
 b - a scroll of noise
 c - a scroll of immolation
 d - a scroll of vulnerability
 l - 2 scrolls of amnesia
 q - 3 scrolls of fog
 t - 5 scrolls of teleportation
 u - 2 scrolls of enchant armour
 y - a scroll of revelation
 z - a scroll of summoning
 G - a scroll of torment
Potions
 f - a potion of resistance {unknown}
 g - 2 potions of enlightenment {unknown}
 j - 4 potions of haste {unknown}
 k - a potion of berserk rage {unknown}
 m - a potion of ambrosia {unknown}
 n - a potion of heal wounds {unknown}
 o - 2 potions of brilliance {unknown}
 p - a potion of degeneration {unknown}
 r - a potion of invisibility {unknown}
 s - a potion of attraction {unknown}
 v - 5 potions of curing {unknown}
 x - 2 potions of magic {unknown}
 F - a potion of mutation {unknown}
 J - a potion of lignification {unknown}


   Skills:
 + Level 3.9 Fighting
 * Level 12.5 Axes
 + Level 2.8 Armour
 + Level 2.8 Dodging
 + Level 1.9 Shields


You had 8 spell levels left.
You didn't know any spells.
Your spell library contained the following spells:

 Spells                   Type           Power      Damage    Failure   Level
 Frozen Ramparts          Ice            0%         1d1       100%        3
 Inner Flame              Hex/Fire       0%         N/A       100%        3
 Cause Fear               Hex            0%         N/A       100%        4
 Petrify                  Tmut/Erth      0%         N/A       100%        4
 Fireball                 Conj/Fire      0%         3d3       100%        5
 Metabolic Englaciation   Hex/Ice        0%         N/A       100%        5
 Yara's Violent Unravell  Hex/Tmut       0%         3d3       100%        5
 Enfeeble                 Hex            0%         N/A       100%        7
 Dragon's Call            Summ           0%         N/A       100%        9


Dungeon Overview and Level Annotations

Branches:
Dungeon (7/15)             Temple (1/1) D:4           Sewer (visited)

Altars:
Ashenzari
Cheibriados
Dithmenos
Fedhas
Gozag
Hepliaklqana
Kikubaaqudgha
Makhleb
Nemelex Xobeh
Okawaru
Qazlal
Ru
Sif Muna
Trog
Vehumet
Wu Jian
Xom
Yredelemnul

Shops:
D:1 =   D:5 ?


Innate Abilities, Weirdness & Mutations

You have a pair of small horns on your head.
You are mostly covered in rugged brown scales. (AC +2, +5% HP)
You sometimes gain power by taking damage.
You are partially covered in sharp spines.


Message History

The bolt of electricity hits you!
You take 21 damage, and have 22/68 hp.
MASSIVE DAMAGE!!
A nearby plant withers and dies. x2
The electric eel shoots out a bolt of lightning at you!
The bolt of electricity hits you!
* * * LOW HITPOINT WARNING * * *
The bolt of electricity hits the plant!
The electric eel shoots out a bolt of lightning at you!
The bolt of electricity hits the plant!
The bolt of electricity hits you.
* * * LOW HITPOINT WARNING * * *
You take 12 damage, and have 10/68 hp.
A nearby plant withers and dies.
You closely miss the electric eel. Your headbutt misses the electric eel.
You closely miss the electric eel.
A red film seems to cover your vision as you go berserk!
You feel yourself moving faster!
You feel mighty!
The electric eel shoots out a bolt of lightning at you!
The bolt of electricity hits the electric eel.
The electric eel completely resists.
The bolt of electricity misses you.
The bolt of electricity hits you but does no damage.
The bolt of electricity hits the plant!
The plant begins to die.
You now have 17/102 hp.
You closely miss the electric eel. You headbutt the electric eel.
The electric eel is lightly wounded.
A nearby plant withers and dies.
The electric eel shoots out a bolt of lightning at you!
The bolt of electricity hits the electric eel.
The electric eel completely resists.
The bolt of electricity hits you!
* * * LOW HITPOINT WARNING * * *
The bolt of electricity misses you.
The bolt of electricity hits the plant!
You take 9 damage, and have 8/102 hp.
You slash the electric eel!
The electric eel is severely wounded.
You barely miss the electric eel.
The electric eel is severely wounded.
An electric eel comes into view.
The electric eel shoots out a bolt of lightning at you!
The bolt of electricity hits the electric eel.
The electric eel completely resists.
The bolt of electricity hits you!
You die...

##
######.....#
.###
#..........#
...##
###.####.....#
##..# #...#
#.....###
###.####<###
#.......###
.........#
#.....#...#
###.######
#...~P~##..#
.##.>..#
###..P.P##.#
..#....#
#@.~P~P~P..#
.......#
#~S~P~♣~SP~.#
.......#
#?S~♣♣♣♣♣~P.
.......# #P~~♣
~P. ~~.....#
#~P♣♣ ~.
~~###### #.~~
~P# #..P ~~#
#... ~P#


You could see 3 electric eels.

Vanquished Creatures
  Joseph (D:7)
  Grinder (D:6)
  2 wyverns (D:7)
  5 yaks (D:6)
  Menkaure (D:5)
  A steam dragon (D:7)
  2 water moccasins
  An ice beast (D:7)
  Duvessa (D:6)
  A sky beast (D:7)
  An orc warrior (D:6)
  An ogre (D:4)
  A phantom (D:6)
  Blork the orc (D:6)
  A bullfrog (D:7)
  3 kobold brigands (Sewer)
  2 scorpions
  Dowan (D:6)
  An electric eel (D:7)
  A crimson imp (D:5)
  A jelly (D:5)
  5 hounds
  Crazy Yiuf (D:4)
  Jessica (D:3)
  2 iguanas
  4 orc wizards (D:6)
  11 adders
  3 river rats (D:4)
  2 shadow imps (D:6)
  10 worms
  3 dart slugs
  15 orcs
  9 ball pythons
  10 endoplasms
  4 giant cockroaches
  3 goblins
  7 hobgoblins
  3 jackals (D:2)
  4 bats
  2 frilled lizards
  9 kobolds
  8 rats
146 creatures vanquished.

Notes
Turn   | Place    | Note
-------+----------+-------------------------------------------
     0 | D:1      | Dirtsage the Demonspawn Berserker began the quest for the
                  | Orb.
     0 | D:1      | Reached XP level 1. HP: 18/18 MP: 1/1
   364 | D:1      | Reached skill level 3 in Axes
   568 | D:1      | Gained mutation: You are partially covered in rugged brown
                  | scales. (AC +1, +3% HP) [demonic ancestry]
   568 | D:1      | Reached XP level 2. HP: 18/24 MP: 2/2
   646 | D:1      | Found Hehujowo's Jewellery Boutique.
  1348 | D:2      | Reached skill level 4 in Axes
  1348 | D:2      | Gained mutation: You are mostly covered in rugged brown
                  | scales. (AC +2, +5% HP) [demonic ancestry]
  1348 | D:2      | Reached XP level 3. HP: 9/30 MP: 3/3
  1596 | D:2      | Found a faded altar of an unknown god.
  1669 | D:2      | Identified the +1 hand axe of Fukecs {heavy, SInv}
  1813 | D:3      | Noticed Jessica
  1814 | D:3      | Found a bloodstained altar of Trog.
  1820 | D:3      | Killed Jessica
  1821 | D:3      | Reached XP level 4. HP: 36/36 MP: 4/4
  1856 | D:3      | Found a hazy altar of Hepliaklqana.
  1856 | D:3      | Found a snail-covered altar of Cheibriados.
  1865 | D:3      | Found a basalt altar of Yredelemnul.
  1926 | D:3      | Reached ** piety under Trog
  2555 | D:4      | Reached skill level 5 in Axes
  2564 | D:4      | Gained mutation: You have a pair of small horns on your
                  | head. [demonic ancestry]
  2564 | D:4      | Reached XP level 5. HP: 13/43 MP: 5/5
  2899 | D:4      | Found a glowing drain.
  2907 | Sewer    | Entered a sewer
  3066 | Sewer    | Reached skill level 6 in Axes
  3066 | Sewer    | Reached XP level 6. HP: 28/49 MP: 6/6
  3505 | D:4      | Reached skill level 7 in Axes
  3512 | D:4      | Found a staircase to the Ecumenical Temple.
  3523 | Temple   | Entered the Ecumenical Temple
  3817 | D:4      | Gained mutation: You sometimes gain a little power by
                  | taking damage. [demonic ancestry]
  3817 | D:4      | Reached XP level 7. HP: 28/54 MP: 7/7
  4095 | D:4      | Found a sparkling altar of Nemelex Xobeh.
  4097 | D:4      | Found a blossoming altar of Fedhas.
  4097 | D:4      | Found an opulent altar of Gozag.
  4097 | D:4      | Found an ornate altar of the Wu Jian Council.
  4192 | D:4      | Found a runed translucent door.
  4193 | D:4      | Noticed Crazy Yiuf
  4200 | D:4      | Killed Crazy Yiuf
  4387 | D:4      | Found a stormy altar of Qazlal.
  4421 | D:5      | Entered Level 5 of the Dungeon
  4432 | D:5      | Reached skill level 8 in Axes
  4650 | D:5      | Found a radiant altar of Vehumet.
  4651 | D:5      | Found a burning altar of Makhleb.
  4683 | D:5      | Noticed Menkaure
  4691 | D:5      | Killed Menkaure
  5064 | D:5      | Found Hore's Magic Scroll Emporium.
  5067 | D:5      | Bought a scroll of identify for 24 gold pieces
  5067 | D:5      | Bought a scroll of teleportation for 36 gold pieces
  5142 | D:6      | Reached skill level 9 in Axes
  5142 | D:6      | Gained mutation: You are partially covered in sharp spines.
                  | [demonic ancestry]
  5142 | D:6      | Reached XP level 8. HP: 49/60 MP: 8/8
  5225 | D:6      | Noticed Duvessa
  5241 | D:6      | Killed Duvessa
  5280 | D:6      | Noticed Dowan
  5404 | D:6      | Killed Dowan
  5741 | D:6      | Noticed Grinder
  5744 | D:6      | Paralysed by Grinder for 3 turns
  5748 | D:6      | Killed Grinder
  5749 | D:6      | Reached skill level 10 in Axes
  5854 | D:6      | Found a shimmering blue altar of Sif Muna.
  6142 | D:6      | Reached *** piety under Trog
  6240 | D:6      | Noticed Blork the orc
  6251 | D:6      | Killed Blork the orc
  6252 | D:6      | Reached skill level 11 in Axes
  6315 | D:6      | Gained mutation: You sometimes gain power by taking damage.
                  | [demonic ancestry]
  6315 | D:6      | Reached XP level 9. HP: 33/66 MP: 9/9
  6499 | D:6      | Reached skill level 12 in Axes
  7146 | D:7      | Noticed Joseph
  7163 | D:7      | Reached skill level 1 in Shields
  7179 | D:7      | Killed Joseph
  7720 | D:7      | Killed from afar by an electric eel

Illustrated notes

Levels and vault maps discovered:
D:1:      dpeg_arrival_boxorama, layout_basic, serial_shops,
          nicolae_shop_tiny_statue_garden
D:2:      kennysheep_six_static_rooms, layout_basic,
          shapermc_ecumenical_altar_starsandcircs, hex_intersection,
          hangedman_decor_slide_cut
D:3:      layout_basic, nicolae_overflow_hallway_of_the_gods,
          corexii_corridor_pit, uniq_jessica
D:4:      layout_cave_pools, minmay_overflow_temple_hex,
          minmay_temple_entry_mini_moons, lightli_sewer_entry_pipes,
          uniq_crazy_yiuf_cottage
D:5:      layout_rooms, grunt_temple_overflow_lords_of_destruction,
          serial_shops, nicolae_shop_rolled_up, uniq_menkaure
D:6:      layout_loops_corners, kennysheep_orc_sif_temple, uniq_grinder,
          uniq_duvessa, uniq_blork_the_orc
D:7:      nicolae_cairo_tiling_large, layout_rooms, serial_bayou,
          serial_bayou_shore_a, serial_bayou_pond_a, serial_bayou_lagoon_a,
          serial_bayou_pond_c, uniq_joseph
Temple:   nicolae_temple_little_seven

Skill      XL: |  1  2  3  4  5  6  7  8  9 |
---------------+----------------------------+-----
Axes           | 3 4 5 6 7 9 11 12 | 12.5
Armour         | 2 |  2.8
Dodging        | 2 |  2.8
Shields        | 1 |  1.9
Fighting       | |  3.9

Action                     |  1- 3 |  4- 6 |  7- 9 || total
---------------------------+-------+-------+-------++-------
  Melee: Hand axe          |    84 |   273 |   251 ||   608
         Headbutt          |       |    25 |    52 ||    77
         Punch             |       |     1 |       ||     1
 Invoke: Berserk           |     1 |     5 |     9 ||    15
    Use: Scroll            |       |       |     9 ||     9
 Armour: Animal skin       |    11 |       |       ||    11
         Ring mail         |    38 |   154 |    70 ||   262
         Chain mail        |       |       |    86 ||    86
  Dodge: Dodged            |    50 |   137 |    73 ||   260
  Block: Buckler           |       |       |     7 ||     7

Table legend: (Time is in decaauts)
 A = Elapsed time spent in this place.
 B = Non-inter-level travel time spent in this place.
 C = Inter-level travel time spent in this place.
 D = Time resting spent in this place.
 E = Time spent auto-exploring this place.
 F = Levels seen in this place.
 G = Mean time per level.
                   A        B        C        D        E       F      G
               +--------+--------+--------+--------+--------+-----+--------+
         Total |   7925 |   7539 |    386 |    972 |   5364 |   9 |  880.6 |
       Dungeon |   7319 |   6933 |    386 |    972 |   4977 |   7 | 1045.6 |
        Temple |      1 |      1 |      0 |      0 |      0 |   1 |    1.0 |
         Sewer |    604 |    604 |      0 |      0 |    386 |   1 |  604.0 |
               +--------+--------+--------+--------+--------+-----+--------+

Top non-repeatable levels by time:
     D:6: 1752 daAuts
     D:4: 1429 daAuts
     D:1: 1084 daAuts
     D:7: 888 daAuts
     D:2: 783 daAuts
     D:3: 694 daAuts
     D:5: 685 daAuts
   Sewer: 604 daAuts
  Temple: 1 daAuts
